[Event "*** Titled Tuesday Blitz"]
[Site "Chess.com"]
[Date "2021.03.09"]
[Round "1"]
[White "Vasily85"]
[Black "Saxar85"]
[Result "0-1"]
[WhiteElo "2419"]
[BlackElo "2799"]
[TimeControl "180+1"]
[EndTime "10:06:14 PST"]
[Termination "Saxar85 won by resignation"]

1. d4 Nf6 2. Bg5 d5 3. Bxf6 exf6 4. e3 Bd6 5. g3 O-O 6. Bg2 c6 7. Ne2 f5 8. O-O Be6 9. b3 Nd7 10. Qd3 Nf6 11. c4 h5 12. h4 g6 13. Nbc3 Ne4 14.
Nf4 Bxf4 15. exf4 Qa5 16. Rac1 Rad8 17. c5 b6 18. Nxe4 dxe4 19. Qc3 Qxa2 20. Ra1 Qxb3 21. Qxb3 Bxb3 22. cxb6 axb6 23. Rfb1 Bc2 24. Rxb6 Rxd4 25. Rxc6 Rd2 26. Bf1 Bd1 27. Bc4 Kg7 28. Kf1 Bf3 29. Rc7 Rc2 30. Kg1 Be2 31. Ra4 Rc1+ 32. Kh2 Bf3 0-1

[Event "*** Titled Tuesday Blitz"]
[Site "Chess.com"]
[Date "2021.03.09"]
[Round "1"]
[White "pavelalexandru07"]
[Black "ALeks_Ivlev"]
[Result "0-1"]
[WhiteElo "2315"]
[BlackElo "2615"]
[TimeControl "180+1"]
[EndTime "10:06:15 PST"]
[Termination "ALeks_Ivlev won by checkmate"]

1. e4 c5 2. Nf3 d6 3. d4 cxd4 4. Nxd4 Nf6 5. Nc3 g6 6. Be3 Bg7 7. Bc4 a6 8. f3 Nbd7 9. Qd2 h5 10.
h4 b5 11. Bb3 Nc5 12. O-O-O Bb7 13. Kb1 Rc8 14. Rhe1 Qa5 15. Bf4 e5 16. Ncxb5 Qxd2 17. Nxd6+ Kd7 18. Rxd2 Kxd6 19. Nf5+ Kc6 20. Ne7+ Kb5 21.
c4+ Ka5 22. Bxe5 Nfxe4 23. fxe4 Bxe5 24. Nxc8 Rxc8 25. Rf2 Bxe4+ 26. Ka1 f5 27. Rd2 Nxb3+ 28. axb3 Kb4 29. Ka2 Rc5 30. Rd7 Ra5# 0-1

[Event "*** Titled Tuesday Blitz"]
[Site "Chess.com"]
[Date "2021.03.09"]
[Round "1"]
[White "Korchmar_Vasiliy"]
[Black "real_karma"]
[Result "1-0"]
[WhiteElo "2653"]
[BlackElo "2347"]
[TimeControl "180+1"]
[EndTime "10:06:16 PST"]
[Termination "Korchmar_Vasiliy won by resignation"]

1. d4 b6 2. e4 Bb7 3. Bd3 e6 4. Nf3 Nf6 5. Qe2 d5 6. e5 Nfd7 7. O-O c5 8. c3 Nc6 9. Be3 Be7 10. Nbd2 a6 11. a4 h6 12. Rfe1 O-O 13. Nf1 f5 14.
exf6 Nxf6 15. Ng3 cxd4 16. Nxd4 e5 17. Ne6 Qd6 18. Nxf8 Rxf8 19. Nf5 Qd7 20. Nxe7+ Nxe7 21. Bxb6 Qc6 22. Qxe5 Qxb6 23. Qxe7 Ne4 24. Bxe4 dxe4 25. Re2 Qc6 26. Rae1 a5 27. Qxe4 Qxe4 28. Rxe4 Bxe4 29. Rxe4 Rd8 30. f3 Rd2 31. b4 Rc2 32. b5 Rxc3 33.
Re8+ Kf7 34. Ra8 Rb3 35. Rxa5 Rb4 36. Ra6 h5 37. b6 Ke6 38. a5 Kf5 39. h3 Kf4 40.
Kh2 g5 41. Ra8 Ke3 42. Re8+ Kf2 43. Re5 g4 44. fxg4 hxg4 45. Rf5+ Ke3 46. Kg3 gxh3 47.
gxh3 Ke4 48. Rf4+ Ke5 49. Rxb4 1-0

[Event "*** Titled Tuesday Blitz"]
[Site "Chess.com"]
[Date "2021.03.09"]
[Round "1"]
[White "vladimirdamjanovic"]
[Black "Genghis_K"]
[Result "0-1"]
[WhiteElo "2467"]
[BlackElo "2911"]
[TimeControl "180+1"]
[EndTime "10:06:17 PST"]
[Termination "Genghis_K won by checkmate"]

1. d4 Nf6 2. Nc3 d5 3. Bf4 c5 4. e3 cxd4 5. exd4 a6 6. Nf3 Nc6 7. Ne5 Bd7 8. g3 e6 9. Bg2 Qb6 10. Nxd7 Nxd7 11. Ne2 Be7 12. O-O O-O 13. c4 dxc4 14.
d5 Nce5 15. dxe6 Qxe6 16. Bxb7 Rab8 17. Bd5 Qf6 18. Bxc4 Rxb2 19. Bd5 Nc5 20. Bxe5 Qxe5 21. Nf4 Bf6 22. Rb1 Rd8 23. Rxb2 Qxb2 24. Qg4 Qd4 25.
Re1 Nd3 26. Rc1 Qxf2+ 27. Kh1 Nxc1 28. Ne6 Qf1# 0-1

[Event "*** Titled Tuesday Blitz"]
[Site "Chess.com"]
[Date "2021.03.09"]
[Round "1"]
[White "kidagent"]
[Black "Geller_Jakov"]
[Result "0-1"]
[WhiteElo "2305"]
[BlackElo "2610"]
[TimeControl "180+1"]
[EndTime "10:06:17 PST"]
[Termination "Geller_Jakov won by resignation"]

1. e4 c5 2. Nf3 e6 3. d4 cxd4 4. Nxd4 Nc6 5. Nc3 Qc7 6. g3 Nf6 7. Bg2 a6 8. O-O Nxd4 9. Qxd4 Bc5 10. Qd3 Ng4 11. Nd1 h5 12. h3 Ne5 13. Qe2 b5 14. Be3 Bb7 15. b3 h4 16. g4 Ng6 17. f4 Nxf4 18.
Rxf4 Qxf4 19. Bxc5 Qe5 20. Ba3 Qxa1 21. Bb2 Qb1 22.
Bxg7 Rg8 23. Bf6 Rc8 24. c3 Rg6 25. g5 Qc1 26. Qd3 Rxf6 27. gxf6 Qf4 28. Qd4 d5 29. exd5 Qxd4+ 30. cxd4 Rc1 31. Bf3 Bxd5 32. Be2 Ra1 33. Kf2 Rxa2 34. Ke3 Bxb3 35. Nc3 Rc2 36. Ne4 Bd5 37.
Nd6+ Kf8 38. Bh5 Rc7 39. Bxf7 Rxf7 40. Nxf7 Kxf7 41. Kf4 Kxf6 0-1

[Event "*** Titled Tuesday Blitz"]
[Site "Chess.com"]
[Date "2021.03.09"]
[Round "1"]
[White "SlavenPastar"]
[Black "Fore_Man"]
[Result "1-0"]
[WhiteElo "2565"]
[BlackElo "2248"]
[TimeControl "180+1"]
[EndTime "10:06:17 PST"]
[Termination "SlavenPastar won by checkmate"]

1. d4 e6 2. Nf3 c5 3. c4 cxd4 4. Nxd4 Nc6 5. Nc3 Nf6 6. g3 a6 7.
Bg2 Qc7 8. O-O Be7 9. b3 O-O 10. Bb2 b6 11. Rc1 Bb7 12. e4 Rac8 13. Re1 d6 14. Qd3 Rfd8 15. Qd2 Qb8 16. Na4 Ba8 17. Nc3 Ne5 18. h3 Ned7 19. Kh2 Nc5 20. f4 Bf8 21.
b4 Ncd7 22. Qd3 d5 23. cxd5 exd5 24. e5 Ne4 25. Nxe4 dxe4 26. Bxe4 Bxe4 27. Qxe4 Bxb4 28. Nc6 Rxc6 29. Rxc6 Bxe1 30. Qxe1 Qb7 31. Rd6 Rc8 32.
Qd2 Nc5 33. Rd8+ Rxd8 34. Qxd8# 1-0

[Event "*** Titled Tuesday Blitz"]
[Site "Chess.com"]
[Date "2021.03.09"]
[Round "1"]
[White "Nozdrachev_Leonid"]
[Black "shineatchess"]
[Result "1-0"]
[WhiteElo "2532"]
[BlackElo "2205"]
[TimeControl "180+1"]
[EndTime "10:06:17 PST"]
[Termination "Nozdrachev_Leonid won by resignation"]

1. e4 e5 2. Nf3 Nc6 3. d4 exd4 4. Bc4 Nf6 5. e5 d5 6. Bb5 Ne4 7. Nxd4 Bc5 8. O-O O-O 9. Nxc6 bxc6 10. Bxc6 Ba6 11.
Qxd5 Qxd5 12. Bxd5 Bxf1 13. Bxe4 Rad8 14. Nc3 Ba6 15.
Bg5 f6 16. exf6 gxf6 17. Bf4 Rf7 18. Bd5 Kg7 19. Bxf7 Kxf7 20. Rd1 Rxd1+ 21. Nxd1 c6 22. Be3 Bb6 23. Bxb6 axb6 24. f4 Ke6 25. Kf2 Kf5 26. Kf3 c5 27. Ne3+ Ke6 28. g3 f5 29. Kf2 Bb7 30. Ke1 Ba6 31. Kd2 Bb5 32. Kc3 Ba6 33. a4 Be2 34. Nc4 1-0

[Event "*** Titled Tuesday Blitz"]
[Site "Chess.com"]
[Date "2021.03.09"]
[Round "1"]
[White "VFernandezB"]
[Black "Luibov_AN"]
[Result "1-0"]
[WhiteElo "2511"]
[BlackElo "2114"]
[TimeControl "180+1"]
[EndTime "10:06:17 PST"]
[Termination "VFernandezB won by resignation"]

1. e4 g6 2. d4 Bg7 3. Be3 c5 4. Nf3 Qb6 5. Nc3 e6 6. Na4 Qa5+ 7. c3 cxd4 8. Bxd4 Nf6 9. Bd3 O-O 10. O-O Nc6 11.
b4 Qc7 12. Rc1 Nxd4 13. cxd4 Qd8 14. Qc2 d5 15. e5 Nd7 16. Qc7 Nb6 17. Nb2 f6 18.
Rfe1 fxe5 19. Nxe5 Qh4 20. Nf3 Rxf3 21. gxf3 Qxd4 22. Rc2 Qf6 23. Qg3 Bd7 24. Rec1 Rf8 25. Be2 Ba4 26. Nxa4 Nxa4 27. Rc8 Nb6 28. Rxf8+ Bxf8 29.
Rc7 Bxb4 30. Rxb7 e5 31. Qg4 a5 32. Bb5 Nc4 33. Bxc4 dxc4 34. Qc8+ Qf8 35. Qxc4+ Kh8 36.
Qf7 Qxf7 37. Rxf7 Kg8 38. Rb7 h5 39. Kf1 g5 40. Ke2 g4 41. fxg4 hxg4 42. Ke3 1-0

[Event "*** Titled Tuesday Blitz"]
[Site "Chess.com"]
[Date "2021.03.09"]
[Round "1"]
[White "onnoelgersma"]
[Black "QuintilianoR"]
[Result "0-1"]
[WhiteElo "2387"]
[BlackElo "2708"]
[TimeControl "180+1"]
[EndTime "10:06:18 PST"]
[Termination "QuintilianoR won by resignation"]

1. e4 c5 2. Nf3 d6 3. Bb5+ Nd7 4. d4 cxd4 5. Qxd4 a6 6. Bxd7+ Bxd7 7. Nc3 Rc8 8. O-O e5 9. Qd3 Qc7 10. a4 Be6 11. Rd1 h6 12. Nd2 Nf6 13. Nf1 Qc4 14. Ne3 Qxd3 15. Rxd3 Be7 16. f3 O-O 17. Bd2 Rfd8 18.
Ncd5 Bxd5 19. exd5 g6 20. c4 Nd7 21. Ba5 b6 22. Bb4 Nc5 23. Bxc5 bxc5 24. b3 f5 25. g4 Rf8 26. Rad1 Rb8 27. Kg2 Kh7 28. h3 Bg5 29.
Nf1 e4 30. fxe4 fxe4 31. Rc3 Rf3 32. Rxf3 exf3+ 33. Kxf3 Rxb3+ 34. Kg2 Rb4 35. Re1 Rxc4 36. Re6 Bf4 37. Re7+ Kg8 38. Kf3 g5 39. Ne3 Rc3 0-1

[Event "*** Titled Tuesday Blitz"]
[Site "Chess.com"]
[Date "2021.03.09"]
[Round "1"]
[White "kleopl"]
[Black "mishanick"]
[Result "0-1"]
[WhiteElo "2480"]
[BlackElo "3004"]
[TimeControl "180+1"]
[EndTime "10:06:19 PST"]
[Termination "mishanick won by resignation"]

1. c4 Nf6 2. Nc3 e5 3. Nf3 Nc6 4. e4 Bb4 5. d3 d6 6. a3 Bc5 7.
g3 a5 8. Bg2 Bg4 9. h3 Bxf3 10.
Bxf3 Nd4 11. Bg2 Nd7 12. O-O O-O 13. Be3 c6 14. f4 Nb3 15. Qxb3 Bxe3+ 16. Kh1 Nc5 17. Qc2 exf4 18. gxf4 Qh4 19. Ne2 Ne6 20. f5 Nd4 21. Nxd4 Bxd4 22. Rad1 a4 23. Qe2 Ra6 24. Rd2 Rb6 25. Rb1 Qf4 26. Rf1 Qe5 27. Rb1 Rb3 28.
Bf3 Qf4 29. Rf1 Qe5 30. Rb1 b5 31. cxb5 Rxb5 32. Qg2 Rfb8 33. Bd1 Ra5 34. Rc2 c5 35. Rc4 Rab5 36. Bxa4 Rxb2 37. Rxb2 Rxb2 38. Bc2 Ra2 39. Qf1 Qg3 40. Ra4 h5 41. Ra8+ Kh7 42. Rb8 Rxc2 0-1

[Event "*** Titled Tuesday Blitz"]
[Site "Chess.com"]
[Date "2021.03.09"]
[Round "1"]
[White "Orest_Vovk"]
[Black "Onischuk_V"]
[Result "0-1"]
[WhiteElo "2431"]
[BlackElo "2822"]
[TimeControl "180+1"]
[EndTime "10:06:19 PST"]
[Termination "Onischuk_V won on time"]

1. g4 e5 2. g5 Nc6 3. d3 h6 4.
Nf3 hxg5 5. Bxg5 Be7 6. Bxe7 Qxe7 7. Nc3 Nf6 8. h4 d5 9. Bh3 Bxh3 10. Rxh3 d4 11. Ne4 Nxe4 12. dxe4 O-O-O 13. Qd2 f6 14. Rg3 Nb8 15. O-O-O Na6 16. Qa5 Rh7 17. Rdg1 Kb8 18. Ne1 Rd7 19. Nd3 Qe6 20. f3 Qb6 21. Qxb6 axb6 22. h5 c5 23. b3 b5 24. Rg6 Rxh5 25.
Rxg7 Rxg7 26. Rxg7 c4 27. Nf2 Rh2 28. Ng4 Rxe2 29.
Nxf6 Nb4 30. Nd7+ Ka7 31. Nxe5 Rxc2+ 32. Kd1 d3 33. a3 Na2 34. bxc4 Nc3+ 35. Ke1 d2+ 0-1

[Event "*** Titled Tuesday Blitz"]
[Site "Chess.com"]
[Date "2021.03.09"]
[Round "1"]
[White "Chesspirate_Channel"]
[Black "Firegrizzly"]
[Result "1-0"]
[WhiteElo "2376"]
[BlackElo "2646"]
[TimeControl "180+1"]
[EndTime "10:06:19 PST"]
[Termination "Chesspirate_Channel won by checkmate"]

1. d4 Nf6 2. Nc3 g6 3. Bg5 Bg7 4. Qd2 h6 5. Bf4 d6 6. Nf3 c6 7. e4 b5 8. Bd3 b4 9. Ne2 a5 10. e5 Nd5 11. Bg3 Ba6 12. e6 Bxd3 13.
exf7+ Kxf7 14. Qxd3 Nd7 15. h4 N7f6 16. O-O-O a4 17.
Nf4 Nxf4 18. Bxf4 Nd5 19. Bd2 Qc8 20. Rh3 Qf5 21. Ng5+ hxg5 22. Rf3 e6 23. Rxf5+ gxf5 24. Bxg5 b3 25. cxb3 axb3 26. a3 Ra4 27. Qxb3 Ra7 28. f3 Rc8 29. g4 f4 30. h5 c5 31. dxc5 Rxc5+ 32. Kb1 Rac7 33. h6 Be5 34. Qd3 Bxb2 35.
Kxb2 Rb7+ 36. Ka1 Kf8 37. Rb1 Ra7 38. Rb8+ Kf7 39. Qh7# 1-0

[Event "*** Titled Tuesday Blitz"]
[Site "Chess.com"]
[Date "2021.03.09"]
[Round "1"]
[White "kamilianin235"]
[Black "ValeriyGrinev"]
[Result "1/2-1/2"]
[WhiteElo "2275"]
[BlackElo "2564"]
[TimeControl "180+1"]
[EndTime "10:06:19 PST"]
[Termination "Game drawn by repetition"]

1. e4 c5 2. Nf3 e6 3. d4 cxd4 4. Nxd4 Nc6 5. Nc3 Qc7 6. f4 Nxd4 7. Qxd4 b6 8. Be2 Bb7 9. Be3 Nf6 10. Bf3 Bc5 11.
Qd3 Rc8 12. O-O-O Ba6 13. Qd2 Bb4 14. Bd4 d6 15. a3 Bxa3 16. bxa3 e5 17. Nd5 Nxd5 18.
exd5 exd4 19. Rhe1+ Kf8 20. Be2 Qc5 21. Bxa6 Qxa3+ 22. Kb1 Qxa6 23. Qxd4 Qb5+ 24. Kc1 Qc5 25. Qe4 g6 26. f5 Kg7 27. f6+ Kxf6 28. Rf1+ Kg7 29.
Rxf7+ Kxf7 30. Rf1+ Kg7 31. Qe7+ Kh6 32. Qh4+ Kg7 33.
Qf6+ Kh6 34. Qh4+ Kg7 35. Qf6+ Kh6 36. Qh4+ 1/2-1/2

[Event "*** Titled Tuesday Blitz"]
[Site "Chess.com"]
[Date "2021.03.09"]
[Round "1"]
[White "djano"]
[Black "sergoy"]
[Result "1-0"]
[WhiteElo "2459"]
[BlackElo "2827"]
[TimeControl "180+1"]
[EndTime "10:06:20 PST"]
[Termination "djano won by resignation"]

1. e4 c5 2. Nc3 e6 3. f4 a6 4. Nf3 b5 5. d4 cxd4 6. Nxd4 Bb7 7. Bd3 b4 8. Nce2 Nf6 9. e5 Nd5 10. O-O d6 11. f5 dxe5 12. fxe6 exd4 13. exf7+ Kd7 14.
Nxd4 Bc5 15. Bf5+ Kc7 16. Kh1 Bxd4 17. Qxd4 Nc6 18. Qxg7 Rf8 19. Bh6 Qe7 20. Bxh7 Qh4 21. Rae1 Nce7 22. Bg5 Qg4 23. Bf4+ Nxf4 24. Qxg4 Bxg2+ 25.
Kg1 Bxf1 26. Qxf4+ 1-0

[Event "*** Titled Tuesday Blitz"]
[Site "Chess.com"]
[Date "2021.03.09"]
[Round "1"]
[White "Leo_C"]
[Black "Dedic8"]
[Result "1-0"]
[WhiteElo "2447"]
[BlackElo "2808"]
[TimeControl "180+1"]
[EndTime "10:06:20 PST"]
[Termination "Leo_C won by resignation"]

1. d4 Nf6 2. c4 e6 3. Nc3 Bb4 4. e3 O-O 5. Bd3 b6 6. Ne2 Bb7 7. O-O c5 8. d5 exd5 9. Nxd5 Nxd5 10. cxd5 d6 11. a3 Ba5 12. Rb1 b5 13. Bxb5 Nd7 14. Ng3 Bb6 15. b4 cxb4 16. axb4 Rc8 17. Bb2 Ne5 18.
Bd4 g6 19. f4 Nc4 20. Qd3 Bxd5 21. Bxb6 Nxb6 22. Qd4 Qe7 23. e4 Bc4 24. Rf3 Bxb5 25. Nf5 1-0

[Event "*** Titled Tuesday Blitz"]
[Site "Chess.com"]
[Date "2021.03.09"]
[Round "1"]
[White "shnitez"]
[Black "Evachess2006"]
[Result "1-0"]
[WhiteElo "2487"]
[BlackElo "1589"]
[TimeControl "180+1"]
[EndTime "10:06:20 PST"]
[Termination "shnitez won by resignation"]

1. c4 e5 2. Nc3 Nc6 3. Nf3 Bc5 4. Nxe5 Nxe5 5. d4 Bxd4 6. Qxd4 d6 7. f4 Ng6 8. Qxg7 Qf6 9. Qxf6 Nxf6 10. g3 Bd7 11. Bg2 Bc6 12. Bxc6+ bxc6 13. e4 Kd7 14. Kf2 Rhe8 15. Kf3 Rab8 16. b3 Re7 17. Bb2 Rbe8 18. Rhe1 h5 19. h3 c5 20. Re2 Kc6 21. Rae1 Nd7 22.
Nd5 Nb6 23. Nxe7+ Rxe7 24. e5 dxe5 25. Bxe5 Nxe5+ 26. Rxe5 Rxe5 27. Rxe5 1-0

[Event "*** Titled Tuesday Blitz"]
[Site "Chess.com"]
[Date "2021.03.09"]
[Round "1"]
[White "bylavochka"]
[Black "ChessAurochs"]
[Result "0-1"]
[WhiteElo "2206"]
[BlackElo "2535"]
[TimeControl "180+1"]
[EndTime "10:06:21 PST"]
[Termination "ChessAurochs won on time"]

1. e4 e5 2. Nc3 Nc6 3. g3 Bc5 4. Bg2 Nf6 5. Nge2 a5 6. d3 d6 7. h3 Be6 8. a3 Qd7 9. Be3 Bxe3 10. fxe3 O-O 11. g4 h6 12. Ng3 Rfb8 13. O-O Nh7 14.
Nf5 b5 15. Nd5 Bxd5 16. exd5 Ne7 17. Ng3 b4 18. axb4 Rxb4 19. b3 a4 20. bxa4 Raxa4 21. Rxa4 Qxa4 22. Qf3 Ng5 23. Qe2 Rb2 24. Rc1 Qa2 25. h4 Nh7 26. Qf3 Rxc2 27. Rf1 f6 28.
Ne4 Qxd5 29. g5 f5 30. gxh6 fxe4 31. Qg4 g6 0-1

[Event "*** Titled Tuesday Blitz"]
[Site "Chess.com"]
[Date "2021.03.09"]
[Round "1"]
[White "TimKett"]
[Black "hellokostya"]
[Result "0-1"]
[WhiteElo "2190"]
[BlackElo "2526"]
[TimeControl "180+1"]
[EndTime "10:06:21 PST"]
[Termination "hellokostya won by resignation"]

1. e4 e5 2. f4 exf4 3. Nf3 g5 4. Nc3 Bg7 5. d4 h6 6. g3 g4 7. Nh4 f3 8. Be3 Ne7 9. Qd2 d5 10. O-O-O Be6 11. h3 h5 12. Bd3 Nbc6 13. exd5 Nxd5 14. hxg4 Nxc3 15. Qxc3 hxg4 16. Nf5 Bxf5 17. Bxf5 Rxh1 18. Rxh1 Nxd4 19. Bxd4 Qxd4 20. Re1+ Kf8 21. Qxd4 Bxd4 22. Bxg4 f2 23. Rd1 Re8 24. Bh3 Be3+ 25. Kb1 Bb6 26.
c3 Re2 27. Bf1 Re3 28. g4 Ke7 29. Kc2 Re1 30. Kd2 Re4 31. Bh3 Kf6 32. Kd3 Re3+ 0-1

[Event "*** Titled Tuesday Blitz"]
[Site "Chess.com"]
[Date "2021.03.09"]
[Round "1"]
[White "IANOV0007"]
[Black "Sibelephant"]
[Result "0-1"]
[WhiteElo "2483"]
[BlackElo "3083"]
[TimeControl "180+1"]
[EndTime "10:06:22 PST"]
[Termination "Sibelephant won by resignation"]

1. Nf3 d5 2. g3 g6 3. Bg2 Bg7 4. O-O e5 5. d3 Nc6 6. Nbd2 Nge7 7. e4 O-O 8. c3 a5 9. a4 h6 10. Re1 Re8 11. exd5 Nxd5 12. Nc4 Bf5 13. Nh4 Be6 14. Nf3 f6 15. Qe2 Qd7 16. Bd2 Rad8 17. Rad1 Bf7 18.
Bc1 f5 19. Nfd2 Re7 20. Nb3 b6 21. Qc2 Rde8 22. Na3 Kh7 23. Nb5 Nd8 24. Nd2 c6 25. Na3 Qc7 26. Ndc4 Ne6 27. Ne3 Nc5 28. Nac4 Nf4 29.
Bh1 Nh3+ 30. Kf1 f4 31. Ng2 fxg3 32. hxg3 Bd5 33. Re4 Nxe4 34. dxe4 Bxc4+ 35. Ke1 Rf8 36. Be3 Ref7 37. Rd2 Ng5 38. Nh4 Qc8 39. Bg2 Nf3+ 40. Nxf3 Rxf3 41. Bxf3 Rxf3 42. Qd1 Qh3 43. Rd3 Qh1+ 44.
Ke2 Qxd1+ 45. Kxd1 Bxd3 46. Bxb6 Bxe4 0-1

[Event "*** Titled Tuesday Blitz"]
[Site "Chess.com"]
[Date "2021.03.09"]
[Round "1"]
[White "amintabatabaei"]
[Black "DrCeltic"]
[Result "1-0"]
[WhiteElo "3008"]
[BlackElo "2480"]
[TimeControl "180+1"]
[EndTime "10:06:23 PST"]
[Termination "amintabatabaei won on time"]

1. d4 d5 2. Nf3 Nf6 3. Bf4 e6 4. e3 Bd6 5. Nbd2 b6 6. Ne5 O-O 7. h4 Ba6 8. Bxa6 Nxa6 9. h5 h6 10. c3 c5 11. Qf3 Nb8 12. Qg3 Kh7 13. Ng6 fxg6 14. hxg6+ Kg8 15. Bxd6 Re8 16. Bf4 Nc6 17. Qh3 Qe7 18. Nf3 Ne4 19. Kf1 Rac8 20. g4 cxd4 21. cxd4 Qf6 22. g5 Qxg6 23. gxh6 Nf6 24. hxg7 Qd3+ 25.
Kg2 Qg6+ 26. Ng5 Kxg7 27. Qg3 Rh8 28. Nxe6+ Kf7 29. Ng5+ Kg7 30. Rxh8 Rxh8 31. Rc1 Rc8 32. Ne6+ Kf7 33. Rxc6 Qe4+ 34. f3 1-0

[Event "*** Titled Tuesday Blitz"]
[Site "Chess.com"]
[Date "2021.03.09"]
[Round "1"]
[White "Gerasimenyuk_Miha"]
[Black "KazakhFighter04"]
[Result "1-0"]
[WhiteElo "2423"]
[BlackElo "2744"]
[TimeControl "180+1"]
[EndTime "10:06:23 PST"]
[Termination "Gerasimenyuk_Miha won by resignation"]

1. d4 Nf6 2. Nf3 e6 3. c3 d5 4. Bg5 Bd6 5. e3 Nbd7 6. Nbd2 Qe7 7. Bd3 O-O 8. Qc2 h6 9. h4 e5 10. dxe5 Bxe5 11. O-O-O c6 12. g4 Nc5 13. Bxf6 Qxf6 14.
g5 Nxd3+ 15. Qxd3 Qe7 16. gxh6 g6 17. Rdg1 Kh8 18. Nxe5 Qxe5 19. Qd4 Re8 20. h5 Bf5 21. hxg6 fxg6 22. Nf3 Qxd4 23. Nxd4 Bd7 24. Rxg6 Re7 25. Rhg1 Rf8 26. Rg7 Ref7 27. Rxf7 Rxf7 28. Rg7 Rxg7 29.
hxg7+ Kxg7 30. Kd2 Kf6 31. f3 c5 32. Ne2 Ke5 33. Ng3 Be6 34. f4+ Kf6 35. a3 b6 36.
e4 dxe4 37. Nxe4+ Kf5 38. Ke3 Bd5 39. Ng3+ Kg4 40. Ne4 Kf5 41. Nd2 a5 42. c4 Bc6 43.
b3 Be8 44. Nf1 a4 45. bxa4 Bxa4 46. Ng3+ Kg4 47. Ne4 Kf5 48. Nd6+ Ke6 49. Nc8 Bb3 50. Nxb6 Kd6 51. Kd3 Ke6 52. a4 Kd6 53. a5 1-0

[Event "*** Titled Tuesday Blitz"]
[Site "Chess.com"]
[Date "2021.03.09"]
[Round "1"]
[White "SARGISMV"]
[Black "Anton_Demchenko"]
[Result "1-0"]
[WhiteElo "2478"]
[BlackElo "2886"]
[TimeControl "180+1"]
[EndTime "10:06:24 PST"]
[Termination "SARGISMV won on time"]

1. Nf3 Nf6 2. c4 g6 3. Nc3 Bg7 4. d4 O-O 5. e4 d6 6. Be2 e5 7.
O-O Bg4 8. Be3 Bxf3 9. Bxf3 exd4 10. Bxd4 Nc6 11. Be3 Re8 12. Re1 Nd7 13. Qd2 Nc5 14.
Rad1 Be5 15. g3 Qf6 16. Bxc5 Qxf3 17. Be3 Bxc3 18. Qxc3 Rxe4 19. c5 Ne5 20. cxd6 cxd6 21. Rxd6 Qf5 22. Red1 Re8 23. Rd8 Nc6 24. Bh6 f6 25.
Qb3+ Kh8 26. Qf7 1-0

[Event "*** Titled Tuesday Blitz"]
[Site "Chess.com"]
[Date "2021.03.09"]
[Round "1"]
[White "Msb2"]
[Black "Mikasinski"]
[Result "1-0"]
[WhiteElo "2901"]
[BlackElo "2457"]
[TimeControl "180+1"]
[EndTime "10:06:25 PST"]
[Termination "Msb2 won by resignation"]

1. d4 Nf6 2. Nf3 g6 3. Nc3 Bg7 4. e4 d6 5. Be3 O-O 6. Qd2 Nbd7 7. Bh6 c5 8. d5 a6 9. a4 Qa5 10. Bxg7 Kxg7 11. Ra3 h5 12. Be2 Qb4 13. O-O Nxe4 14. Nxe4 Qxe4 15. Re3 Qb4 16. Rxe7 Qxd2 17. Nxd2 Nf6 18.
Bf3 b5 19. a5 Bf5 20. c3 Rfe8 21. Rb7 Reb8 22. Rc7 Rc8 23. Rb7 Rcb8 24. Rxb8 Rxb8 25. Re1 b4 26. Nc4 bxc3 27. bxc3 Rb3 28. Rc1 Ne4 29.
Bxe4 Bxe4 30. Nd2 Bxd5 31. Nxb3 Bxb3 32. c4 f6 33. Rc3 Ba4 34. Rd3 1-0

[Event "*** Titled Tuesday Blitz"]
[Site "Chess.com"]
[Date "2021.03.09"]
[Round "1"]
[White "rquery98"]
[Black "tk22h"]
[Result "1-0"]
[WhiteElo "2634"]
[BlackElo "2334"]
[TimeControl "180+1"]
[EndTime "10:06:25 PST"]
[Termination "rquery98 won by resignation"]

1. Nf3 Nf6 2. g3 d5 3. Bg2 g6 4. c4 Bg7 5. cxd5 Nxd5 6. O-O Nb6 7. d3 O-O 8. Nc3 Nc6 9. Be3 h6 10. Qd2 Kh7 11. h4 e5 12. Rac1 Nd4 13. Bxd4 exd4 14. Ne4 Nd5 15. a3 c6 16. Qc2 Bg4 17. Nc5 Qe7 18.
Nh2 Bc8 19. Rfe1 Rd8 20. Nf3 b6 21. Nb3 Bb7 22. Nbd2 c5 23. Nc4 Rac8 24. e4 dxe3 25. fxe3 Nf6 26. e4 Ng4 27. Bh3 h5 28. Ng5+ Kg8 29.
Rf1 Bd4+ 30. Kh1 Rf8 31. Qe2 Qd7 32. b3 Rce8 33. Nd2 f5 34. Ndf3 Bg7 35. b4 fxe4 36. dxe4 cxb4 37. axb4 Rc8 38. Rxc8 Rxc8 39. Qa2+ Kh8 40.
Nf7+ Kh7 41. N3g5+ Kg8 42. Ne5+ 1-0

[Event "*** Titled Tuesday Blitz"]
[Site "Chess.com"]
[Date "2021.03.09"]
[Round "1"]
[White "Lion-Al-Messi"]
[Black "Beca95"]
[Result "1-0"]
[WhiteElo "2478"]
[BlackElo "2889"]
[TimeControl "180+1"]
[EndTime "10:06:26 PST"]
[Termination "Lion-Al-Messi won by resignation"]

1. e4 c5 2. Nf3 d6 3. d4 cxd4 4. Nxd4 Nf6 5. Nc3 e6 6. g4 Nc6 7.
g5 Nd7 8. h4 a6 9. Bg2 Nxd4 10.
Qxd4 b5 11. Be3 Bb7 12. f4 Rc8 13. h5 Rc4 14. Qd3 Qc7 15. O-O-O Be7 16. Kb1 e5 17. f5 h6 18. f6 gxf6 19. g6 Rg8 20. Nd5 Qb8 21.
Bh3 Nc5 22. Bxc5 Rxc5 23. Rhg1 f5 24. Bxf5 Bxd5 25. exd5 fxg6 26. Be6 Rf8 27. Qxg6+ Kd8 28. Qxh6 Kc7 29. Rg7 Qd8 30. Qg5 Re8 31. Rf1 Kb6 32. Qe3 b4 33. a3 a5 34. Rff7 bxa3 35. Qxa3 Ka6 36. Qd3+ Rb5 37. h6 e4 38. Qxe4 Qb6 39. Qd3 Qb7 40. h7 Ka7 41. b3 a4 42. Qd4+ Rc5 43.
Qxa4+ Kb6 44. Qxe8 1-0

[Event "*** Titled Tuesday Blitz"]
[Site "Chess.com"]
[Date "2021.03.09"]
[Round "1"]
[White "Arvids_Andrejevs"]
[Black "ShimanovAlex"]
[Result "0-1"]
[WhiteElo "2416"]
[BlackElo "2785"]
[TimeControl "180+1"]
[EndTime "10:06:26 PST"]
[Termination "ShimanovAlex won by resignation"]

1. e4 Nc6 2. d4 d5 3. exd5 Qxd5 4. Nf3 Bg4 5. Be2 O-O-O 6. Be3 e5 7. c3 Nf6 8. h3 Bh5 9. O-O e4 10. Nfd2 Bxe2 11.
Qxe2 Qf5 12. b4 Bd6 13. Nc4 h5 14. b5 Ne7 15. a4 Ned5 16. Nxd6+ cxd6 17. c4 Nf4 18. Bxf4 Qxf4 19. Qe3 g5 20. Nc3 Kb8 21. a5 Rc8 22.
Qxf4 gxf4 23. Rfe1 Rhe8 24. Ra4 Re7 25. b6 Rc6 26.
Nd5 Nxd5 27. cxd5 Rc2 28. Rb4 f5 29. bxa7+ Kxa7 30. Reb1 Ra2 31. Rb6 Rd7 32. a6 Rxa6 33. R6b3 Ra2 34. g3 f3 35. h4 Rc7 36. Rb6 Rc1+ 37.
Rxc1 Kxb6 38. Rb1+ Kc7 39. Rb5 Ra4 40. Kf1 Ra1+ 0-1

[Event "*** Titled Tuesday Blitz"]
[Site "Chess.com"]
[Date "2021.03.09"]
[Round "1"]
[White "Slovak_fighter2000"]
[Black "Blitzstream"]
[Result "1-0"]
[WhiteElo "2421"]
[BlackElo "2741"]
[TimeControl "180+1"]
[EndTime "10:06:27 PST"]
[Termination "Slovak_fighter2000 won by checkmate"]

1. d4 d5 2. c4 c6 3. Nf3 Nf6 4.
Nc3 Bf5 5. cxd5 Nxd5 6. e3 e6 7. Bd3 Bg6 8. O-O Nd7 9. e4 Nxc3 10. bxc3 Be7 11. Rb1 Qc7 12. Qe2 O-O 13. Be3 e5 14.
Nd2 Rfe8 15. f3 Rad8 16. Rfd1 f6 17. Nb3 Bf7 18. Bc4 Bxc4 19. Qxc4+ Kh8 20. d5 Nb6 21. Bxb6 Qxb6+ 22. Kh1 cxd5 23. exd5 Rc8 24. Qa4 Red8 25. Nd4 Qa6 26. Qxa6 bxa6 27. Nc6 Rd7 28. c4 Bc5 29. Rb3 h5 30. Rdb1 Bb6 31. a4 a5 32. Rxb6 axb6 33.
Rxb6 Rd6 34. Kg1 Kh7 35. Kf2 g5 36. Rb7+ Kh6 37. Ne7 Rcd8 38. Nf5+ Kg6 39. Nxd6 Rxd6 40. Rb5 Kf5 41. Rxa5 e4 42. Ke3 exf3 43. gxf3 g4 44.
fxg4+ Kxg4 45. Kd4 f5 46. c5 Rf6 47. Ke3 f4+ 48.
Kf2 f3 49. d6 Rf4 50. c6 Rc4 51. d7 Rc2+ 52. Kf1 Rc1+ 53. Kf2 Rc2+ 54. Ke3 Re2+ 55.
Kd3 Re1 56. Rg5+ Kxg5 57. d8=Q+ Kg4 58. Qg8+ Kh3 59. Qg3# 1-0